 Dungeon Crawl Stone Soup version 0.31-a0-740-g87205ac768 (webtiles) character file.

Game seed: 17988292565397393213

297 subawu the Ruffian (level 6, -5/48 HPs)
             Began as a Draconian Shapeshifter on Sept 12, 2023.
             Killed by divine providence
             ... invoked by an orc priest
              (13 damage)
             ... on level 4 of the Dungeon.
             The game lasted 00:10:37 (4436 turns).

subawu the Ruffian (Draconian Shapeshifter)         Turns: 4436, Time: 00:10:37

Health: -5/48      AC:  9    Str: 19      XL:     6   Next: 12%
Magic:  6/6        EV: 12    Int:  8 (10) God:
Gold:   224        SH:  5    Dex: 10      Spells: 4/5 levels left

rFire   . .          .
                       - Unarmed
rCold   . . .        m - +2 buckler {AC+3}
rNeg    . . .        (body armour unavailable)
rPois   .            (helmet currently unavailable)
rElec   .            (cloak currently unavailable)
rCorr   .            f - melded +0 pair of gloves
SInv    .            (boots currently unavailable)
Will    .....        (no amulet)
Stlth   +            (no ring)
HPRegen 0.28/turn    (no ring)
MPRegen 0.10/turn

%: no passive effects
@: beast-form
A: beast (slay +2), AC +6, unfitting armour, cold-blooded
a: Begin Untransformation


You were on level 4 of the Dungeon.
You were a hulking beast.
You visited 2 branches of the dungeon, and saw 5 of its levels.

You collected 224 gold pieces.

Inventory:

Hand Weapons
 g - a +1 vampiric hand axe
 o - a +0 dagger of freezing
Missiles
 i - 27 stones
Armour
 f - a +0 pair of gloves (melded)
 m - a +2 buckler of protection (worn)
Jewellery
 p - a +5 ring of evasion
Talismans
 b - a beast talisman (active)
 c - a flux talisman
Scrolls
 h - 3 scrolls of identify
 j - a scroll of vulnerability {unknown}
 k - a scroll of poison
 l - a scroll of blinking {unknown}
 n - a scroll of fog
Potions
 d - a potion of ambrosia
 e - a potion of enlightenment


   Skills:
 + Level 1.7 Fighting
 + Level 3.0 Dodging
 + Level 1.3 Stealth
 + Level 0.2 Shields
 + Level 5.1 Unarmed Combat
 + Level 3.8 Shapeshifting


You had 4 spell levels left.
You knew the following spells:

 Your Spells              Type           Power      Damage    Failure   Level
a - Necrotise             Necr           0%         1d4       50%         1

Your spell library contained the following spells:

 Spells                   Type           Power      Damage    Failure   Level
 Vampiric Draining        Necr           0%         2d6       86%         3
 Agony                    Necr           0%         N/A       100%        5


Dungeon Overview and Level Annotations

Branches:
Dungeon (4/15)             Temple (1/1) D:4

Altars:
Ashenzari
Cheibriados
Fedhas
Gozag
Kikubaaqudgha
Makhleb
Sif Muna
Uskayaw
Xom
Yredelemnul


Innate Abilities, Weirdness & Mutations

You are a hulking beast.
Your limbs bulge with bestial killing power. (Slay +2)
Your plain brown scales are hard. (AC +6)
You cannot fit into any form of body armour.
You are cold-blooded and may be slowed by cold attacks.


Message History

A puff of flame appears from out of thin air!
The puff of flame misses you.
You feel very buoyant.
You fly up into the air.
You punch something!
Reactivating autopickup.
You feel a bit more experienced.
You punch the orc!
You kill the orc!
Things that are here:
a +0 flail; a +0 dagger; a +0 robe You start resting.
You are starting to lose your buoyancy.
You start resting.
You float gracefully downwards.
An orc comes into view. It is wielding a +0 dagger.
An orc is nearby!
The orc shouts!
The orc throws a stone.
You block the stone.
Your enlightenment fades.
The orc throws a stone.
The stone barely misses you.
The orc throws a stone.
You block the stone.
An orc priest comes into view. It is wielding a +0 flail.
The orc throws a stone.
The stone hits you but does no damage.
The orc priest invokes the aid of Beogh against you.
Beogh smites you!
* * * LOW HITPOINT WARNING * * *
An orc wizard comes into view. It is wielding a +0 dagger.
The orc hits you but does no damage.
The orc throws a stone.
The stone hits you.
* * * LOW HITPOINT WARNING * * *
The orc wizard casts a spell.
The orc wizard flickers and vanishes!
Deactivating autopickup; reactivate with Ctrl-A.
An orc priest comes into view. It is wielding a +0 club.
You hear a shout!
The orc closely misses you.
The orc priest invokes the aid of Beogh against you.
Beogh smites you!
You die...

.#.##...#....##..)##...
........##....##.## ..
...........##..#.# .
...#..........##.....#
...###..!......##...##
##...#......#...#...#
##....#....)##........
...o......))...........
.........h.............
#.......o...........<...
##....o....#..>...
#................
#......#.........#.
#...##.###.##...## #....
... ### ....# .... ##..
....# #.. ... #..#


You could see 2 orc priests and an orc.

Vanquished Creatures
  Terence (D:3)
  3 orc wizards (D:4)
  2 iguanas (D:4)
  6 adders
  2 worms
  A dart slug (D:2)
  16 orcs
  5 endoplasms
  3 giant cockroaches
  3 goblins (D:1)
  5 hobgoblins
  4 jackals (D:2)
  5 kobolds
  2 quokkas
  5 ball pythons
  4 bats
  A frilled lizard (D:1)
  7 rats
75 creatures vanquished.

Notes
Turn   | Place    | Note
-------+----------+-------------------------------------------
     0 | D:1      | subawu the Draconian Shapeshifter began the quest for the
                  | Orb.
     0 | D:1      | Reached XP level 1. HP: 16/16 MP: 1/1
   322 | D:1      | Reached XP level 2. HP: 20/23 MP: 2/2
  1059 | D:2      | Reached XP level 3. HP: 17/28 MP: 3/3
  2210 | D:3      | Reached XP level 4. HP: 35/35 MP: 4/4
  2307 | D:3      | Reached skill level 4 in Unarmed Combat
  2426 | D:3      | Learned a level 1 spell: Necrotise
  3033 | D:3      | Noticed Terence
  3039 | D:3      | Killed Terence
  3040 | D:3      | Reached skill level 1 in Stealth
  3442 | D:4      | Reached XP level 5. HP: 29/40 MP: 5/5
  3923 | D:4      | Found a staircase to the Ecumenical Temple.
  3952 | Temple   | Entered the Ecumenical Temple
  4187 | D:4      | Reached skill level 5 in Unarmed Combat
  4381 | D:4      | Reached XP level 6. HP: 10/48 MP: 6/6
  4436 | D:4      | Killed from afar by an orc priest

Illustrated notes

Levels and vault maps discovered:
D:1:      wander_arrival_chamber, layout_basic, minmay_misc_feat_iff
D:2:      layout_basic, minmay_door_square
D:3:      layout_basic, serial_curves, eino_curves_01, eino_curves_01,
          uniq_terence
D:4:      layout_cave_pools, minmay_temple_entry_waves
Temple:   cyrus_temple_forest

Skill      XL: |  1  2  3  4  5 |
---------------+----------------+-----
Dodging        | 2 3 |  3.0
Unarmed Combat | 4 5 |  5.1
Stealth        | 1 |  1.3
Fighting       | |  1.7
Shields        | |  0.2
Shapeshifting  | |  3.8

Action                     |  1- 3 |  4- 6 || total
---------------------------+-------+-------++-------
  Melee: Unarmed           |   111 |   121 ||   232
         Tailslap          |     9 |     8 ||    17
         Punch             |     1 |     6 ||     7
    Use: Scroll            |     4 |     3 ||     7
         Potion            |     1 |     4 ||     5
   Stab: Sleeping          |     2 |       ||     2
 Armour: Skin              |    65 |   113 ||   178
  Dodge: Dodged            |   103 |    90 ||   193
  Block: Buckler           |       |    17 ||    17
         Form:             |     1 |       ||     1
         Beast             |     1 |       ||     1

Table legend: (Time is in decaauts)
 A = Elapsed time spent in this place.
 B = Non-inter-level travel time spent in this place.
 C = Inter-level travel time spent in this place.
 D = Time resting spent in this place.
 E = Time spent auto-exploring this place.
 F = Levels seen in this place.
 G = Mean time per level.
                   A        B        C        D        E       F      G
               +--------+--------+--------+--------+--------+-----+--------+
         Total |   4427 |   4291 |    136 |   1110 |   1429 |   5 |  885.4 |
       Dungeon |   4243 |   4107 |    136 |   1110 |   1429 |   4 | 1060.8 |
        Temple |    184 |    184 |      0 |      0 |      0 |   1 |  184.0 |
               +--------+--------+--------+--------+--------+-----+--------+

Top non-repeatable levels by time:
     D:3: 1329 daAuts
     D:2: 1282 daAuts
     D:4: 837 daAuts
     D:1: 794 daAuts
  Temple: 184 daAuts
